 Dungeon Crawl Stone Soup version 0.16.1-51-g6203257 (webtiles) character file.

11128 RepoMan the Arsonist (level 11, -2/75 HPs)
             Began as a Mummy Fire Elementalist on Aug 4, 2015.
             Was a Believer of Ashenzari.
             Killed from afar by a fire drake (34 damage)
             ... with a blast of flame
             ... on level 2 of the Lair of Beasts on Aug 5, 2015.
             The game lasted 02:12:36 (16819 turns).

RepoMan the Arsonist (Mummy Fire Elementalist)     Turns: 16819, Time: 02:12:36

Health: -2/75      AC:  4    Str: 11    XL:     11   Next: 45%
Magic:  3/27       EV: 13    Int: 17    God:    Ashenzari [**....]
Gold:   749        SH:  0    Dex: 12    Spells: 7 memorised, 7 levels left

rFire  x . .     SeeInvis .     n - +2 dagger (venom) (curse)
rCold  + . .     Clarity  +     O - +0 robe (curse)
rNeg   + + +     SustAb   .     (no shield)
rPois  ∞         Gourm    .     (no helmet)
rElec  .         Spirit   .     (no cloak)
rCorr  .         Warding  .     w - +0 pair of gloves
rMut   .         Stasis   .     K - +0 pair of boots {Fly} (curse)
MR     +....                    B - amulet of clarity
Stlth  ++........               (no ring)
                                (no ring)

@: flying, very slightly contaminated, somewhat resistant to hostile
enchantments, unstealthy
A: no food or potions, fire vulnerability, restore body, cold resistance 1,
negative energy resistance 3, poison resistance, torment resistance, unbreathing
a: Renounce Religion, Stop Flying


You were on level 2 of the Lair of Beasts.
You worshipped Ashenzari.
Ashenzari was pleased with you.
You were not hungry.

You visited 3 branches of the dungeon, and saw 13 of its levels.
You also visited: Bailey and Volcano.

You collected 749 gold pieces.

Inventory:

Hand weapons
 n - a cursed +2 dagger of venom (weapon)
 o - a +0 blowgun
 A - a +2 whip of flaming
 H - the +1 Mace of Variability {chaos}
   (You found it in a bailey)

   Each time it hits an enemy it has a different, random effect.
Missiles
 p - 10 poisoned needles
 u - a throwing net (quivered)
 G - 13 tomahawks of returning
Armour
 w - a +0 pair of gloves (worn)
 K - a cursed +0 pair of boots of flying (worn)
 O - a cursed +0 robe (worn)
Magical staves
 P - an uncursed staff of energy
Jewellery
 e - an uncursed ring of flight
 B - an amulet of clarity (around neck)
Magical devices
 g - a wand of slowing (24)
 i - a wand of random effects (10)
 r - a wand of lightning (0)
 s - a wand of frost (8)
 v - a wand of frost (19)
 x - a wand of enslavement (8)
 z - a wand of lightning (1)
 C - a wand of digging (4)
 E - a wand of random effects (9)
 F - a wand of cold (6)
 I - a wand of magic darts (11)
 R - a wand of flame (33)
Scrolls
 c - 3 scrolls of recharging
 d - 5 scrolls of identify
 f - a scroll of enchant weapon
 h - 2 scrolls of magic mapping
 j - 3 scrolls of fear
 k - 3 scrolls of remove curse
 l - 7 scrolls of teleportation
 m - 2 scrolls of amnesia
 q - a scroll of random uselessness {unknown}
 t - a scroll of vulnerability
 y - a scroll of holy word
 D - 2 scrolls of enchant armour
 L - a scroll of curse armour
 M - a scroll of curse jewellery
 N - a scroll of curse weapon
 Q - a scroll of immolation {unknown}
Books
 a - a book of Cantrips

   Spells                             Type                      Level
   a - Corona                         Hexes                        1
   b - Animate Skeleton               Necromancy                   1
   c - Summon Small Mammal            Summoning                    1
   d - Apportation                    Translocation                1
 b - a book of Flames

   Spells                             Type                      Level
   a - Flame Tongue                   Conjuration/Fire             1
   b - Throw Flame                    Conjuration/Fire             2
   c - Conjure Flame                  Conjuration/Fire             3
   d - Inner Flame                    Hexes/Fire                   3
   e - Sticky Flame                   Conjuration/Fire             4
   f - Fireball                       Conjuration/Fire             5
 J - a book of Hinderance

   Spells                             Type                      Level
   a - Confusing Touch                Hexes                        2
   b - Confuse                        Hexes                        3
   c - Petrify                        Transmutation/Earth          4
   d - Metabolic Englaciation         Hexes/Ice                    5
   e - Gell's Gravitas                Hexes/Translocation          5
   f - Summon Mana Viper              Hexes/Summoning              5
 S - a book of Unlife

   Spells                             Type                      Level
   a - Recall                         Summoning/Translocation      3
   b - Animate Dead                   Necromancy                   4
   c - Control Undead                 Necromancy                   4
   d - Cigotuvi's Embrace             Necromancy                   5
   e - Death Channel                  Necromancy                   6
   f - Simulacrum                     Ice/Necromancy               6


   Skills:
 + Level 3.0 Fighting
 + Level 4.2 Dodging
 - Level 1.5 Stealth
 + Level 8.4 Spellcasting
 + Level 7.3 Conjurations
 * Level 10.5 Fire Magic


You had 7 spell levels left.
You knew the following spells:

 Your Spells              Type           Power        Failure   Level  Hunger
a - Flame Tongue          Conj/Fire      #####        1%          1    N/A
b - Throw Flame           Conj/Fire      #####.       1%          2    N/A
c - Conjure Flame         Conj/Fire      #####...     1%          3    N/A
d - Sticky Flame          Conj/Fire      #####...     2%          4    N/A
e - Fireball              Conj/Fire      #####.....   10%         5    N/A
g - Apportation           Tloc           #.........   12%         1    N/A
i - Inner Flame           Hex/Fire       ####....     4%          3    N/A

Dungeon Overview and Level Annotations

Branches:
Dungeon (10/15)            Temple (1/1) D:7            Lair (2/8) D:9
    Orc: D:9-12

Altars:
Ashenzari
Cheibriados
Dithmenos
Elyvilon
Fedhas
Gozag
Kikubaaqudgha
Makhleb
Nemelex Xobeh
Okawaru
Qazlal
Ru
Sif Muna
Trog
Vehumet
Xom
Yredelemnul
Zin
The Shining One

Annotations:
D:10 Eustachio


Innate Abilities, Weirdness & Mutations

You do not eat or drink.
Your flesh is vulnerable to fire.
Your flesh is cold resistant.
You are immune to negative energy.
Your system is resistant to poisons.
You are immune to unholy pain and torment.
You can survive without breathing.


Message History

The yak is filled with an inner flame.
The yak is engulfed in roaring flames.
The yak is engulfed in roaring flames.
Casting: Inner Flame
Confirm with . or Enter, or press ? or * to list all spells.
Aiming: Flame Tongue
Press: ? - help, Shift-Dir - straight line, f/p - yak
Aim: a yak (almost dead, inner flame)
The flame tongue hits the yak.
The yak explodes!
The fiery explosion engulfs the fungus.
The fungus is heavily damaged.
Evoke which item? (* to show all) (? for menu, Esc to quit)
Zapping:
z - a wand of lightning {zapped: 4} (will waste charges)
Press: ? - help, Shift-Dir - straight line You hear a mighty clap of thunder!
The bolt of lightning misses the fire drake. x2
Evoking this partially-identified wand wasted a few charges.
The fire drake breathes flames at you. The blast of flame hits you!
The fire burns you terribly!
You die...

...........................
######.P#.##.P.#....##...#
#..#####...######.#.# #.##
#..P# #..# ..# #..## #P.. ##.#
##..# #... #
#.######..#########..
..####.###§#P##..#[..#..#..#..
....?.%?§§§§§@............†...
.#.##..#k####.%.###...##...#..
#. ### ##.## ##..####..#P #
....# #.## #.### ##..## #.##
##.### #...##P#..###P.##.
..................
.##..#######.#.#### # #.#
#.#.# #.


You could see a fire drake.

Vanquished Creatures
  A hydra (Lair:1)
  An unseen horror (D:9)
  Pikel (D:6)
  An orc knight (Bailey)
  2 black mambas (Lair:1)
  3 spiny frogs
  A komodo dragon (D:9)
  A troll (D:9)
  Prince Ribbit (D:5)
  A two-headed ogre (D:9)
  2 wyverns
  6 yaks (Lair:2)
  4 wolves (Lair:1)
  A hippogriff (Lair:2)
  Edmund (D:7)
  Menkaure (D:7)
  2 porcupines (Lair:2)
  A black bear (Lair:2)
  3 orc warriors (Bailey)
  3 slaves (D:6)
  5 ice beasts
  3 phantoms
  A sky beast (D:9)
  6 ogres
  2 centaurs
  A necrophage (D:8)
  6 giant frogs
  6 crocodiles
  Blork the orc (D:6)
  2 big kobolds
  3 scorpions
  A giant frog zombie (D:5)
  A centaur zombie (D:6)
  An orc priest (D:4)
  2 jellies (D:6)
  A centaur skeleton (D:4)
  6 hounds
  7 worker ants
  Natasha (D:5)
  4 iguanas
  3 orc wizards
  8 sheep (Lair:1)
  A killer bee zombie (D:10)
  Ijyb (D:5)
  Terence (D:2)
  16 adders
  11 gnolls
  15 river rats
  2 shadow imps (D:6)
  2 giant mites
  4 worms
  2 adder zombies
  An adder skeleton (D:6)
  An ooze (D:2)
  28 orcs
  28 bats
  A bat skeleton (D:7)
  21 hobgoblins
  7 jackals
  6 quokkas
  A ball python (D:4)
  8 giant cockroaches
  9 giant geckos
  A giant gecko zombie (D:5)
  3 giant newts
  20 goblins
  40 kobolds
  A quokka skeleton (D:8)
  18 rats
  A butterfly (D:2)
358 creatures vanquished.

Vanquished Creatures (others)
  8 fungi
  2 plants (Lair:1)
10 creatures vanquished.

Grand Total: 368 creatures vanquished

Notes
Turn   | Place    | Note
--------------------------------------------------------------
     0 | D:1      | RepoMan, the Mummy Fire Elementalist, began the quest for the Orb.
     0 | D:1      | Reached XP level 1. HP: 13/13 MP: 3/3
   127 | D:1      | Reached skill level 1 in Conjurations
   382 | D:1      | Reached XP level 2. HP: 19/19 MP: 2/4
   386 | D:1      | Learned a level 2 spell: Throw Flame
  1129 | D:2      | Reached skill level 3 in Fire Magic
  1129 | D:2      | Reached XP level 3. HP: 24/24 MP: 0/6
  1190 | D:2      | Learned a level 3 spell: Conjure Flame
  1455 | D:2      | Noticed Terence
  1539 | D:2      | Found a burning altar of Makhleb.
  1775 | D:2      | Found a shimmering altar of Xom.
  2125 | D:2      | Reached XP level 4. HP: 30/30 MP: 1/8
  2367 | D:2      | Killed Terence
  2979 | D:3      | Found a sparkling altar of Nemelex Xobeh.
  2979 | D:3      | Found a snail-covered altar of Cheibriados.
  2979 | D:3      | Found a white marble altar of Elyvilon.
  3391 | D:3      | Reached XP level 5. HP: 31/35 MP: 8/10
  3416 | D:3      | Learned a level 3 spell: Inner Flame
  4498 | D:4      | Reached skill level 4 in Fire Magic
  4618 | D:4      | Noticed an ice beast
  4625 | D:4      | Killed an ice beast
  4625 | D:4      | Reached XP level 6. HP: 41/41 MP: 5/13
  4849 | D:4      | Found a sacrificial altar of Ru.
  5197 | D:4      | Noticed an ogre
  5204 | D:4      | Killed an ogre
  5204 | D:4      | Reached skill level 5 in Fire Magic
  5204 | D:4      | Reached XP level 7. HP: 44/46 MP: 2/17
  5210 | D:4      | Learned a level 4 spell: Sticky Flame
  5899 | D:5      | Entered Level 5 of the Dungeon
  6479 | D:5      | Reached XP level 8. HP: 20/52 MP: 3/19
  6656 | D:5      | Noticed Prince Ribbit
  6671 | D:5      | Killed Prince Ribbit
  6671 | D:5      | Reached skill level 5 in Spellcasting
  6671 | D:5      | Reached skill level 6 in Fire Magic
  7008 | D:5      | Noticed Ijyb
  7019 | D:5      | Killed Ijyb
  7148 | D:5      | Found a shattered altar of Ashenzari.
  7168 | D:5      | Became a worshipper of Ashenzari the Shackled
  7198 | D:5      | Noticed Natasha
  7203 | D:5      | Killed Natasha
  7928 | D:6      | Noticed Pikel
  7950 | D:6      | Killed Pikel
  7950 | D:6      | Reached skill level 5 in Conjurations
  7950 | D:6      | Reached skill level 7 in Fire Magic
  7950 | D:6      | Reached XP level 9. HP: 43/57 MP: 3/22
  8997 | D:6      | Noticed Blork the orc
  9107 | D:6      | Killed Blork the orc
  9116 | D:6      | Found a deep blue altar of Sif Muna.
  9140 | D:6      | Learned a level 5 spell: Fireball
  9181 | D:7      | Noticed Menkaure
  9455 | D:7      | Found a staircase to the Ecumenical Temple.
  9529 | D:7      | Found a flagged portal.
  9561 | Bailey   | Entered a bailey
  9858 | Bailey   | Reached skill level 8 in Fire Magic
  9908 | Bailey   | Noticed an orc knight
  9926 | Bailey   | Killed an orc knight
 10273 | D:7      | Killed Menkaure
 10440 | D:7      | Noticed Edmund
 10452 | D:7      | Killed Edmund
 10735 | D:7      | Found a glowing golden altar of the Shining One.
 10972 | Temple   | Entered the Ecumenical Temple
 11127 | D:8      | Found an iron altar of Okawaru.
 11471 | D:8      | Found an opulent altar of Gozag.
 11699 | D:8      | Reached XP level 10. HP: 38/63 MP: 18/24
 12338 | D:9      | Reached skill level 9 in Fire Magic
 12649 | D:9      | Found a staircase to the Lair.
 12922 | D:9      | Noticed an unseen horror
 12928 | D:9      | Killed an unseen horror
 13872 | D:10     | Entered Level 10 of the Dungeon
 13937 | D:10     | Noticed Eustachio
 13998 | Lair:1   | Entered Level 1 of the Lair of Beasts
 14160 | Lair:1   | Noticed a seven-headed hydra
 14192 | Lair:1   | Killed a seven-headed hydra
 14192 | Lair:1   | Reached skill level 1 in Fighting
 14202 | Lair:1   | Reached skill level 10 in Fire Magic
 14489 | Lair:1   | Found a dark tunnel.
 14494 | Volcano  | Entered a volcano
 14946 | Lair:1   | Reached XP level 11. HP: 57/71 MP: 21/27
 15221 | Lair:1   | Learned a level 1 spell: Apportation
 15605 | Lair:1   | Noticed a black mamba
 15616 | Lair:1   | Killed a black mamba
 15818 | Lair:1   | Noticed a black mamba
 15828 | Lair:1   | Killed a black mamba
 16768 | Lair:2   | Acquired Ashenzari's first power
 16819 | Lair:2   | Killed from afar by a fire drake

Action                   |  1- 3 |  4- 6 |  7- 9 | 10-12 || total
-------------------------+-------+-------+-------+-------++-------
Melee: Unarmed           |    24 |     4 |       |       ||    28
       Dagger            |       |    62 |    75 |    68 ||   205
       Long sword        |       |     2 |       |       ||     2
       Great mace        |       |       |    27 |     5 ||    32
 Fire: Blowgun           |       |       |    69 |     3 ||    72
Throw: Stone             |     5 |     6 |     1 |       ||    12
       Throwing net      |       |       |       |     4 ||     4
 Cast: Flame Tongue      |    74 |   109 |   148 |    91 ||   422
       Conjure Flame     |       |     1 |    13 |     8 ||    22
       Throw Flame       |       |    11 |    35 |     6 ||    52
       Sticky Flame      |       |       |    27 |    60 ||    87
       Inner Flame       |       |       |     8 |     8 ||    16
       Fireball          |       |       |     1 |     2 ||     3
Evoke: Wand              |     4 |     1 |     7 |    11 ||    23
  Use: Scroll            |       |       |     2 |    14 ||    16
 Stab: Sleeping          |     1 |       |       |     3 ||     4
       Paralysed         |       |       |    10 |     1 ||    11
